 Dungeon Crawl Stone Soup version 0.30-a0-50-gb2d611f6b1 (webtiles) character file.

Game seed: 5699153485482268036

42 AarnesTheHuman the Chucker (level 3, 0/36 HPs)
             Began as an Ogre Gladiator on Sept 4, 2022.
             Slain by an orc
             ... wielding a +0 dagger
              (1 damage)
             ... on level 3 of the Dungeon.
             The game lasted 00:03:07 (1704 turns).

AarnesTheHuman the Chucker (Ogre Gladiator)         Turns: 1704, Time: 00:03:08

Health: 0/36       AC:  3    Str: 20    XL:     3   Next: 56%
Magic:  3/3        EV: 10    Int:  9    God:
Gold:   95         SH:  0    Dex: 10    Spells: 2/2 levels left

rFire   . . .      SeeInvis .    a - +0 flail
rCold   . . .      Faith    +    (no shield)
rNeg    . . .      Spirit   .    b - +0 robe
rPois   .          Reflect  .    c - +0 hat
rElec   .          Harm     .    r - scarf {repulsion}
rCorr   .          Rampage  .    (gloves unavailable)
Will    .....                    (boots unavailable)
Stlth   +.........               l - amulet of faith
HPRegen 0.12/turn                (no ring)
MPRegen 0.08/turn                (no ring)

@: mighty, hasted, repel missiles, very quick
A: large, unfitting armour, tough skin 1
a: no special abilities


You were on level 3 of the Dungeon.
You visited 1 branch of the dungeon, and saw 3 of its levels.

You collected 95 gold pieces.

Inventory:

Hand Weapons
 a - a +0 flail (weapon)
Missiles
 d - 3 throwing nets
 e - a large rock
 f - 19 stones (quivered)
Armour
 b - a +0 robe (worn)
 c - a +0 hat (worn)
 o - a +0 cloak
 r - a scarf of repulsion (worn)
Jewellery
 l - an amulet of faith (around neck)
Scrolls
 h - a scroll of fear {unknown}
 i - a scroll of poison {unknown}
 j - a scroll of magic mapping {unknown}
 k - a scroll of enchant armour {unknown}
 n - a scroll of acquirement {unknown}
 s - a scroll of identify {unknown}
Potions
 g - 2 potions of curing {unknown}
 m - a potion of might
 p - a potion of ambrosia {unknown}
 q - a potion of attraction {unknown}
 t - a potion of haste


   Skills:
 - Level 2.6 Fighting
 - Level 2.6 Maces & Flails
 + Level 3.8 Throwing
 - Level 2.6 Dodging


You had 2 spell levels left.
You didn't know any spells.
Your spell library contained the following spells:

 Spells                   Type           Power      Damage    Failure   Level
 Ensorcelled Hibernation  Hex/Ice        0%         N/A       52%         2
 Spider Form              Tmut/Pois      0%         N/A       77%         3
 Anguish                  Hex/Necr       0%         N/A       99%         4


Dungeon Overview and Level Annotations

Branches:
Dungeon (2/15)

Altars:
Wu Jian


Innate Abilities, Weirdness & Mutations

You are too large for most types of armour.
You have tough skin. (AC +1)


Message History

The orc wizard hits you with a +3 dagger. x2
The orc hits you with a +0 dagger.
You thump the orc wizard!
The orc wizard is heavily wounded.
The orc hits you with a +0 dagger. The orc wizard barely misses you.
You miss the orc wizard.
The orc wizard is heavily wounded.
The orc hits you but does no damage.
The orc wizard hits you with a +3 dagger.
You completely miss the orc wizard.
The orc wizard is heavily wounded.
The orc hits you with a +0 dagger.
The orc wizard points at you and mumbles some strange words.
You are confused.
The orc wizard barely misses you. The orc closely misses you.
You barely miss the orc. The orc hits you with a +0 dagger.
The orc wizard closely misses you.
You bump into the rock wall.
The orc completely misses you.
The orc wizard hits you with a +3 dagger.
* * * LOW HITPOINT WARNING * * *
You bump into the rock wall.
The orc completely misses you.
The orc wizard hits you with a +3 dagger.
* * * LOW HITPOINT WARNING * * *
The orc wizard attacks as you move away!
The orc wizard hits you but does no damage.
The orc hits you but does no damage.
Things that are here:
a +1 vorpal falchion; a +0 ring mail; an orc corpse You barely miss the orc.
The orc hits you with a +0 dagger.
* * * LOW HITPOINT WARNING * * *
The orc wizard hits you with a +3 dagger.
* * * LOW HITPOINT WARNING * * *
It was a potion of might.
You feel very mighty all of a sudden.
You feel less confused. The orc hits you with a +0 dagger.
* * * LOW HITPOINT WARNING * * *
The orc wizard barely misses you.
It was a potion of haste.
You feel yourself speed up. The orc hits you with a +0 dagger.
You die...

#.###.# #...#.### #
## ......... . .>#
....#.### #.##.#####
#)#.#.######.#......#
....................#
#.....#### #.#......#
#...).# #........+
+.....# #.o@...#
#.....# #######o#####
#.....# #........#
####### #......).#
#).......# #....##.##
#.... #.# #... #.#
#... #.#


You could see an orc wizard and an orc.

Vanquished Creatures
  An adder (D:3)
  3 orcs (D:3)
  2 endoplasms
  A giant cockroach (D:1)
  4 goblins
  3 hobgoblins (D:1)
  2 kobolds
  A quokka (D:1)
  8 ball pythons
  2 bats
  2 frilled lizards (D:1)
  A rat (D:3)
30 creatures vanquished.

Notes
Turn   | Place    | Note
-------+----------+-------------------------------------------
     0 | D:1      | AarnesTheHuman the Ogre Gladiator began the quest for the
                  | Orb.
     0 | D:1      | Reached XP level 1. HP: 22/22 MP: 1/1
   175 | D:1      | Reached XP level 2. HP: 29/29 MP: 2/2
   756 | D:1      | Reached skill level 3 in Throwing
   859 | D:1      | Found a faded altar of an unknown god.
  1288 | D:2      | You fall into a shaft and drop 1 floor!
  1304 | D:3      | Reached XP level 3. HP: 35/36 MP: 3/3
  1608 | D:3      | Found an ornate altar of the Wu Jian Council.
  1703 | D:3      | HP: 1/36 [orc/+0 dagger (2)]
  1704 | D:3      | Slain by an orc

Illustrated notes

Levels and vault maps discovered:
D:1:      ebering_hopf_link, layout_rooms, nicolae_ecumenical_snake_handling,
          serial_co_window_serial, co_window_corner_a, co_window_corner_a,
          co_window_paths_a, co_window_corner_a, co_window_paths_a,
          co_window_paths_b, co_window_paths_a, co_window_unsneaky_path_b,
          co_window_broadway_a, co_window_cross_3, co_window_corner_b,
          co_window_unsneaky_path_c, glass_columns_b, glass_columns_c,
          glass_columns_b
D:2:      layout_basic, basic_altar, serial_shops,
          nicolae_shop_advertising_works [nicolae_subvault_shop_adworks],
          nicolae_figureground_pulse
D:3:      layout_basic, mainiacjoe_overflow_24_doors, lemuel_crystal_altar

Skill      XL: |  1  2 |
---------------+-------+-----
Throwing       | 3 |  3.8
Fighting       | |  2.6
Maces & Flails | |  2.6
Dodging        | |  2.6

Action                   || total
-------------------------++-------
Melee: Flail             ||    89
Throw: Stone             ||     7
  Use: Potion            ||     2
Armor: Robe              ||    36
Dodge: Dodged            ||    55

Table legend: (Time is in decaauts)
 A = Elapsed time spent in this place.
 B = Non-inter-level travel time spent in this place.
 C = Inter-level travel time spent in this place.
 D = Time resting spent in this place.
 E = Time spent auto-exploring this place.
 F = Levels seen in this place.
 G = Mean time per level.
                   A        B        C        D        E       F      G
               +--------+--------+--------+--------+--------+-----+--------+
         Total |   1727 |   1697 |     30 |    215 |   1188 |   3 |  575.7 |
       Dungeon |   1727 |   1697 |     30 |    215 |   1188 |   3 |  575.7 |
               +--------+--------+--------+--------+--------+-----+--------+

Top non-repeatable levels by time:
     D:1: 1122 daAuts
     D:3: 421 daAuts
     D:2: 183 daAuts
